Match 47135155
Unlisted

Match 47135155
End
Scout Squad
Selects Advanced Infantry Battlegroup
Construct Barracks
Construct Barracks
Riflemen Squad
Riflemen Squad
M1 Mortar Team
Infantry Support Center
Selects Convert to Ranger Squad
Selects Frontline Medical Station
Frontline Medical Station
Convert to Ranger Squad
Advanced Logistics
Selects Ammunition Storage
Construct Motor Pool
M1 Anti-tank Gun Team
Riflemen Squad
Selects M2A1 105mm Howitzer Emplacement
Engineer Squad
Convert to Ranger Squad
Construct Tank Depot
Selects Free Fire Drills
Selects Ranger Weapon Training
Construct Medical Station
Convert to Ranger Squad
[PD]Folscher
Apache
[PD]Bimbi
Heroin Schorsch
untergrund weltstar
Guerrilla161
0
0

Comments sign in to comment!

No comments posted yet!